 Dungeon Crawl Stone Soup version 0.20.1-1-g8b1a95d (webtiles) character file.

56 renl the Bolt Thrower (level 3, -4/29 HPs)
             Began as a Ghoul Hunter on July 11, 2017.
             Slain by an ogre
             ... wielding a cursed -3 giant club
              (21 damage)
             ... on level 3 of the Dungeon.
             The game lasted 00:03:59 (1582 turns).

renl the Bolt Thrower (Ghoul Hunter)                Turns: 1582, Time: 00:04:00

Health: -4/29      AC:  6    Str: 15    XL:     3   Next: 97%
Magic:  2/2        EV: 11    Int:  6    God:
Gold:   149        SH:  0    Dex: 10    Spells: 2/2 levels left

rFire    + . .     SeeInvis .     - Unarmed
rCold    + . .     Gourm    .   (no shield)
rNeg     + + +     Faith    .   b - +1 ring mail {rF+}
rPois    ∞         Spirit   .   (no helmet)
rElec    .         Reflect  .   (no cloak)
rCorr    .         Harm     .   (no gloves)
MR       .....                  (no boots)
Stlth    +.........             (no amulet)
Regen    0.0/turn               (no ring)
MPRegen  0.1/turn               (no ring)

@: rotting
A: rotting body, claws 1, carnivore 3, cold resistance 1, negative energy
resistance 3, inhibited regeneration, torment resistance, unbreathing
a: no special abilities


You were on level 3 of the Dungeon.
You were not hungry.

You visited 1 branch of the dungeon, and saw 3 of its levels.

You collected 149 gold pieces.

Inventory:

Hand Weapons
 a - a +1 hand crossbow
Missiles
 d - 35 bolts
Armour
 b - a +1 ring mail of fire resistance (worn)
Scrolls
 c - a scroll of enchant armour {unknown}
 e - 3 scrolls of identify {unknown}
 h - 3 scrolls of teleportation {unknown}
 i - 3 scrolls of blinking {unknown}
 j - 2 scrolls of amnesia {unknown}
 l - a scroll of immolation {unknown}
 n - a scroll of remove curse {unknown}
Potions
 k - a potion of degeneration {unknown}
 m - a potion of flight {unknown}
Comestibles
 f - a meat ration


   Skills:
 - Level 2.1 Fighting
 * Level 4.3 Crossbows
 - Level 1.7 Dodging
 - Level 1.1 Stealth
 * Level 2.3 Unarmed Combat


You had 2 spell levels left.
You didn't know any spells.

Dungeon Overview and Level Annotations

Branches:
Dungeon (3/15)

Altars:
Gozag


Innate Abilities, Weirdness & Mutations

Your body is rotting away.
You thrive on raw meat.
You are immune to poison.
You have sharp fingernails.
You are carnivorous and can eat meat at any time.
Your flesh is cold resistant. (rC+)
You are immune to negative energy. (rN+++)
You do not regenerate when monsters are visible.
You are immune to unholy pain and torment.
You can survive without breathing.


Message History

The kobold hits you.
You barely miss the ogre.
The ogre is lightly wounded.
The ogre closely misses you. The kobold hits you but does no damage.
You scratch the ogre but do no damage.
The ogre is lightly wounded.
The hobgoblin misses you. The ogre hits you with a giant club!
The kobold hits you but does no damage.
You barely miss the ogre.
The ogre is lightly wounded.
The hobgoblin hits you with a club. The kobold closely misses you.
The ogre misses you.
You scratch the ogre.
The ogre is lightly wounded.
The hobgoblin hits you with a club. The kobold barely misses you.
You scratch the ogre but do no damage.
The ogre is lightly wounded.
The ogre hits you with a giant club!!
Ouch! That really hurt!
You die...

.>.........#
#...$......#
#..........#
#..........# ##
#.....(....#
...##........#
#.....OKg...#
..%..<.@.#.#
######†....#######
###..<<.#...##
#..).......##
#...........#
#...........###
#..........(..###
##.........##...#
##...#...#######


You could see an ogre, a hobgoblin and a kobold.

Vanquished Creatures
  2 oozes
  2 leopard geckos
  A ball python (D:2)
  4 bats
  A giant cockroach (D:1)
  5 goblins
  3 hobgoblins
  A quokka (D:2)
  2 frilled lizards (D:1)
  9 kobolds
  21 rats
51 creatures vanquished.

Notes
Turn   | Place    | Note
-------+----------+-------------------------------------------
     0 | D:1      | renl the Ghoul Hunter began the quest for the Orb.
     0 | D:1      | Reached XP level 1. HP: 17/17 MP: 0/0
   158 | D:1      | Reached skill level 4 in Crossbows
   158 | D:1      | Reached XP level 2. HP: 19/24 MP: 1/1
   393 | D:1      | Reached skill level 1 in Unarmed Combat
   576 | D:1      | Reached XP level 3. HP: 29/29 MP: 2/2
  1383 | D:2      | Found an opulent altar of Gozag.
  1571 | D:3      | Noticed an ogre
  1582 | D:3      | Slain by an ogre

Skill      XL: |  1  2  3 |
---------------+----------+-----
Crossbows      | 4 |  4.3
Unarmed Combat | 1 2 |  2.3
Fighting       | |  2.1
Dodging        | |  1.7
Stealth        | |  1.1

Action                   || total
-------------------------++-------
Melee: Unarmed           ||   194
       Punch             ||     1
  Eat: Chunk             ||     8
Armor: Ring mail         ||    78
       Leather armour    ||     8
Dodge: Dodged            ||   128
